 Dungeon Crawl Stone Soup version 0.32-a0-918-g0f22ef8d61 (webtiles) character file.

Game seed: 6881882029839860352

18546 Doorstop00 the Blocker (level 12, -20/75 HPs)
             Began as a Gargoyle Fighter on Apr 10, 2024.
             Was a High Priest of Okawaru.
             Demolished by a skeletal warrior
             ... wielding a +2 great sword of flaming
              (24 damage)
             ... in a volcano.
             The game lasted 00:58:57 (12549 turns).

Doorstop00 the Blocker (Gargoyle Fighter)          Turns: 12549, Time: 00:58:58

Health: -20/75     AC: 24    Str: 28    XL:     12   Next: 59%
Magic:  13/15      EV: 13    Int: 10    God:    Okawaru [*****.]
Gold:   1162       SH: 13    Dex: 15    Spells: 11/11 levels left

rFire   + . .        v - +11 hand axe "Haukyddo" {vamp, rC++ rCorr}
rCold   + + +        c - +0 buckler
rNeg    + + .        B - +1 chain mail "Icouti" {Str+4}
rPois   ∞            (no helmet)
rElec   +            G - scarf {rC+ rF+}
rCorr   +            I - +0 pair of gloves
SInv    .            (no boots)
Will    .....        n - amulet of reflection Stlth
                     D - +6 ring of dexterity
HPRegen 0.32/turn    t - ring of positive energy
MPRegen 0.14/turn

%: reflection
@: heroic
A: sickness immunity, AC +8, negative energy resistance 1, electricity
resistance, torment resistance 1, petrification resistance
a: Renounce Religion, Heroism, Finesse, Duel


You were in a volcano.
You worshipped Okawaru.
Okawaru was extremely pleased with you.
You visited 3 branches of the dungeon, and saw 13 of its levels.
You also visited: Bailey and Volcano.

You collected 1162 gold pieces.

Inventory:

Hand Weapons
 a - a +1 flail of venom
 v - the +11 hand axe "Haukyddo" (weapon) {vamp, rC++ rCorr}
   (You took it off a kobold on level 7 of the Dungeon)

   rC++:      It greatly protects you from cold.
   rCorr:     It protects you from acid and corrosion.
 E - a +1 vampiric morningstar
Missiles
 H - 2 silver javelins (quivered)
Armour
 c - a +0 buckler (worn)
 B - the +1 chain mail "Icouti" (worn) {Str+4}
   (You found it on level 8 of the Dungeon)

   Str+4:     It affects your strength (+4).
 G - a scarf of resistance (worn)
 I - a +0 pair of gloves (worn)
Jewellery
 f - an amulet of magic regeneration
 k - a ring of flight
 n - an amulet of reflection (around neck)
 t - a ring of positive energy (right hand)
 x - a ring of resist corrosion
 D - a +6 ring of dexterity (left hand)
Wands
 s - a wand of polymorph (7)
 y - a wand of digging (12)
 C - a wand of flame (8)
Scrolls
 b - a scroll of fog {unknown}
 e - 2 scrolls of silence
 l - a scroll of enchant weapon
 m - 2 scrolls of poison
 o - 2 scrolls of immolation {unknown}
 p - 3 scrolls of fear {unknown}
 r - 3 scrolls of teleportation
 u - 2 scrolls of amnesia
 J - 2 scrolls of enchant armour {unknown}
Potions
 d - 4 potions of might
 g - 3 potions of berserk rage
 h - 4 potions of mutation
 i - 4 potions of brilliance
 j - 2 potions of lignification
 q - 2 potions of haste
 w - 4 potions of attraction
 z - 4 potions of curing {unknown}
 A - 4 potions of enlightenment
 F - 4 potions of heal wounds {unknown}
 K - 2 potions of resistance {unknown}


   Skills:
 * Level 8.5(13.5) Fighting
 * Level 8.6(15.2) Axes
 * Level 9.4(16.1) Maces & Flails
 * Level 9.3(14.3) Armour
 * Level 5.2(10.2) Dodging
 * Level 9.7(14.7) Shields
 * Level 4.1 Invocations
 * Level 3.1 Evocations


You had 11 spell levels left.
You didn't know any spells.
Your spell library contained the following spells:

 Spells                   Type           Power      Damage    Failure   Level
 Static Discharge         Conj/Air       0%         3-3/arc   88%         2
 Frozen Ramparts          Ice            0%         1d1       98%         3
 Ozocubu's Armour         Ice            0%         N/A       98%         3
 Stone Arrow              Conj/Erth      0%         3d7       98%         3
 Teleport Other           Tloc           0%         N/A       98%         3
 Airstrike                Air            0%         2d(0-16)  100%        4
 Metabolic Englaciation   Hex/Ice        0%         N/A       100%        5
 Dispersal                Tloc           0%         N/A       100%        6
 Gell's Gavotte           Tloc           0%         2d(11-16) 100%        6
 Lehudib's Crystal Spear  Conj/Erth      0%         10d2      100%        8
 Animate Armour           Summ/Erth      Unusable   N/A       N/A         4
 Summon Lightning Spire   Summ/Air       Unusable   N/A       N/A         4

Dungeon Overview and Level Annotations

Branches:
Dungeon (10/15)            Temple (1/1) D:5            Lair (2/5) D:10
    Orc (0/2) D:9          Bailey (visited)         Volcano (1/1)
  Swamp: Lair:2-3    Shoals: Lair:2-3     Snake: Lair:2-3    Spider: Lair:2-3

Altars:
Ashenzari
Cheibriados
Dithmenos
Elyvilon
Fedhas
Gozag
Hepliaklqana
Kikubaaqudgha
Makhleb
Nemelex Xobeh
Okawaru
Qazlal
Ru
Sif Muna
Trog
Uskayaw
Vehumet
Wu Jian
Xom
Yredelemnul
Zin
The Shining One
Beogh

Annotations:
D:4 3 runed translucent doors, hexenhour's ghost, novice DrAE


Innate Abilities, Weirdness & Mutations

You are immune to sickness and miasma.
Your stone body is resilient. (AC +8)
You are immune to poison.
You resist negative energy. (rN+)
You are resistant to electric shocks. (rElec)
You are resistant to unholy torment.
You are immune to petrification.


Message History

The skeletal warrior is severely damaged.
The skeletal warrior completely misses you.
You hit the skeletal warrior.
The skeletal warrior is severely damaged.
The skeletal warrior hits you with a +2 great sword of flaming!
The skeletal warrior burns you.
You barely miss the skeletal warrior.
The skeletal warrior is severely damaged.
The skeletal warrior hits you but does no damage.
You slash the skeletal warrior!
The skeletal warrior is almost destroyed.
You hit the skeletal warrior but do no damage.
The skeletal warrior is almost destroyed.
The skeletal warrior hits you with a +2 great sword of flaming.
The skeletal warrior burns you.
You barely miss the skeletal warrior.
The skeletal warrior is almost destroyed.
The skeletal warrior hits you but does no damage.
You hit the skeletal warrior but do no damage.
The skeletal warrior is almost destroyed.
The skeletal warrior hits you with a +2 great sword of flaming!!
* * * LOW HITPOINT WARNING * * *
The skeletal warrior burns you.
* * * LOW HITPOINT WARNING * * *
You gain the combat prowess of a mighty hero.
The skeletal warrior misses you.
You barely miss the skeletal warrior.
The skeletal warrior is almost destroyed.
You block the skeletal warrior's attack.
You hit the skeletal warrior but do no damage.
The skeletal warrior is almost destroyed.
You completely miss the skeletal warrior.
The skeletal warrior is almost destroyed.
The skeletal warrior barely misses you.
You closely miss the skeletal warrior.
The skeletal warrior is almost destroyed.
You hit the skeletal warrior but do no damage.
The skeletal warrior is almost destroyed.
The skeletal warrior hits you with a +2 great sword of flaming!!
You die...

######## ..##...+
..##...# ..##...#
#+## #.##.###
###..+ #.##.#
+.z@.# #.##.##
#######'#
......#####...'...#
..............#...#
.#..#.#####...#...#
......# ######'##
.#..#.#####...#...#
..............#...#
......#####...#...#


You could see a skeletal warrior.

Vanquished Creatures
  2 two-headed ogres (D:10)
  An anaconda skeleton (Volcano)
  An orc knight (Bailey)
  2 cane toads (Lair:1)
  3 gargoyles (Volcano)
  An unseen horror (D:9)
  6 komodo dragons (Lair:2)
  A kobold demonologist (D:9)
  5 polar bears (Lair:1)
  A troll (D:9)
  5 blink frogs
  3 harpy skeletons (Volcano)
  A wraith (D:9)
  5 wyverns
  10 yaks
  3 basilisks
  3 humans (D:6)
  2 acid dragons
  5 water moccasins
  A swamp drake (D:9)
  An ice beast (D:6)
  10 orc warriors
  4 black bears
  2 sky beasts (D:7)
  A laughing skull (Volcano)
  2 ogres
  3 wolves (Lair:2)
  5 centaurs
  A weeping skull (Volcano)
  3 kobold brigands
  4 bullfrogs
  A phantom (D:6)
  Blork the orc (D:4)
  4 scorpions
  10 wights
  19 killer bees
  A spriggan skeleton (Volcano)
  A troll skeleton (Volcano)
  An electric eel (D:9)
  3 howler monkeys
  A bombardier beetle (D:5)
  3 hounds
  11 orc priests
  2 gnoll boudas
  4 iguanas
  10 orc wizards
  3 naga skeletons (Volcano)
  16 gnolls
  8 adders
  2 shadow imps
  3 white imps
  4 ufetubi (D:6)
  A dart slug (D:4)
  42 orcs
  6 bats
  7 endoplasms
  2 giant cockroaches
  11 goblins
  9 hobgoblins
  4 jackals
  26 kobolds
  2 quokkas
  6 ball pythons
  A rat (D:3)
  A spectral hobgoblin (D:9)
323 creatures vanquished.

Vanquished Creatures (others)
  A bombardier beetle (D:6)
  2 kobolds
3 creatures vanquished.

Grand Total: 326 creatures vanquished

Notes
Turn   | Place    | Note
-------+----------+-------------------------------------------
     0 | D:1      | Doorstop00 the Gargoyle Fighter began the quest for the
                  | Orb.
     0 | D:1      | Reached XP level 1. HP: 14/14 MP: 1/1
   186 | D:1      | Reached XP level 2. HP: 19/19 MP: 2/2
   719 | D:2      | Reached XP level 3. HP: 22/23 MP: 3/3
  1057 | D:2      | Identified the ring of Xeynalla {rPois rC- Int+3}
  1212 | D:2      | Found a sparkling altar of Nemelex Xobeh.
  1399 | D:3      | Reached XP level 4. HP: 28/29 MP: 4/4
  1733 | D:3      | Noticed a scorpion
  1747 | D:3      | Killed a scorpion
  1748 | D:3      | Reached skill level 1 in Dodging
  1748 | D:3      | Reached XP level 5. HP: 33/33 MP: 5/5
  1832 | D:3      | Identified the +5 sling of Jucrong {freeze, rF+ Str-2 SInv}
  2384 | D:4      | Noticed an ogre
  2391 | D:4      | Killed an ogre
  2392 | D:4      | Reached XP level 6. HP: 30/38 MP: 6/6
  2912 | D:4      | Found a runed translucent gate.
  2913 | D:4      | Found a runed translucent gate.
  2913 | D:4      | Noticed hexenhour's ghost (novice DrAE)
  2914 | D:4      | Found a runed translucent gate.
  2915 | D:4      | Identified the +5 sling of Kap Nova {freeze, rElec MP+9
                  | Int-3 Dex+4}
  2915 | D:4      | Identified the +7 ring mail of Valiance {Rampage rC+ Dex+3}
  2948 | D:4      | Noticed Blork the orc
  2963 | D:4      | Killed Blork the orc
  3258 | D:4      | Noticed a black bear
  3266 | D:4      | Killed a black bear
  3267 | D:4      | Reached skill level 5 in Armour
  3267 | D:4      | Reached XP level 7. HP: 44/44 MP: 7/7
  3466 | D:4      | Found a roughly hewn altar of Beogh.
  3504 | D:5      | Entered Level 5 of the Dungeon
  3608 | D:5      | Reached skill level 5 in Maces & Flails
  3754 | D:5      | Found a basalt altar of Yredelemnul.
  3773 | D:5      | Found a staircase to the Ecumenical Temple.
  3799 | Temple   | Entered the Ecumenical Temple
  3814 | Temple   | Became a worshipper of Warmaster Okawaru
  4081 | D:5      | Reached XP level 8. HP: 48/48 MP: 8/8
  4098 | D:5      | Reached skill level 5 in Shields
  4569 | D:6      | Reached skill level 5 in Fighting
  4574 | D:6      | Reached * piety under Okawaru
  4684 | D:6      | Found a blossoming altar of Fedhas.
  4761 | D:6      | Found a shimmering altar of Xom.
  4909 | D:6      | Reached XP level 9. HP: 52/54 MP: 9/9
  4963 | D:6      | Reached ** piety under Okawaru
  6114 | D:7      | Identified the +11 hand axe "Haukyddo" {vamp, rC++ rCorr}
  6429 | D:7      | Found a sparkling altar of Nemelex Xobeh.
  6439 | D:7      | Reached skill level 1 in Axes
  6637 | D:7      | Reached *** piety under Okawaru
  7136 | D:8      | Found a flagged portal.
  7156 | Bailey   | Entered a bailey
  7225 | Bailey   | Reached XP level 10. HP: 51/61 MP: 10/10
  7229 | Bailey   | Noticed an orc knight
  7252 | Bailey   | Killed an orc knight
  7459 | Bailey   | Reached **** piety under Okawaru
  7784 | D:8      | Identified the +1 chain mail "Icouti" {Str+4}
  8376 | D:9      | Found a hazy altar of Hepliaklqana.
  8499 | D:9      | Killed an unseen horror
  8500 | D:9      | Reached skill level 5 in Axes
  8860 | D:9      | Found a radiant altar of Vehumet.
  9192 | D:9      | Reached ***** piety under Okawaru
  9345 | D:9      | Found a staircase to the Orcish Mines.
  9401 | D:9      | Reached skill level 1 in Invocations
  9401 | D:9      | Reached XP level 11. HP: 66/67 MP: 11/11
  9572 | D:10     | Entered Level 10 of the Dungeon
  9605 | D:9      | Reached skill level 1 in Evocations
  9792 | D:10     | Found a staircase to the Lair.
  9893 | D:10     | Found a snail-covered altar of Cheibriados.
  9911 | D:10     | Found a stormy altar of Qazlal.
  9958 | D:10     | Noticed a two-headed ogre
  9967 | D:10     | Killed a two-headed ogre
 10019 | D:10     | Found a burning altar of Makhleb.
 10165 | D:10     | Found a hide-covered altar of Uskayaw.
 10265 | D:10     | Received a gift from Okawaru
 10312 | D:10     | Noticed a two-headed ogre
 10321 | D:10     | Noticed an orc knight
 10322 | D:10     | Noticed a manticore
 10327 | D:10     | Killed a two-headed ogre
 10505 | Lair:1   | Entered Level 1 of the Lair of Beasts
 11233 | Lair:1   | Found a radiant altar of Vehumet.
 11354 | Lair:1   | Reached XP level 12. HP: 73/73 MP: 14/14
 11561 | Lair:2   | Received a gift from Okawaru
 11769 | Lair:2   | Reached skill level 5 in Dodging
 11857 | Lair:2   | Found a white marble altar of Elyvilon.
 12055 | Lair:2   | Found a dark tunnel.
 12065 | Volcano  | Entered a volcano
 12172 | Volcano  | Received a gift from Okawaru
 12543 | Volcano  | HP: 3/75 [skeletal warrior/+2 great sword of flaming (1)]
 12549 | Volcano  | Demolished by a skeletal warrior

Illustrated notes

Levels and vault maps discovered:
D:1:      saegor_arrival_under_anarchy, layout_loops_ring
D:2:      layout_loops_ring, basic_altar
D:3:      layout_loops_corners
D:4:      layout_basic, biasface_ghost_orc_armoury, uniq_blork_the_orc
D:5:      layout_basic, mainiacjoe_overflow_surrounded_room, temple_fountains
D:6:      layout_loops_ring, amcnicky_altar_gilded,
          nicolae_overflow_crystal_walls, amethyst_killhole,
          nrook_pool_corridor, minmay_ruffians
D:7:      layout_basic, nemelex_xobeh_ov_fountains_minmay
D:8:      layout_loops_ring, enter_bailey_2, corexii_corridor_pit
D:9:      layout_loops_cross, nicolae_hepliaklqana_monster_ancestors,
          nicolae_vehumet_radiance, erik_orc_1, fungi_pond_lemuel,
          minmay_misc_feat_diagonals, grunt_decor_one_mirror
D:10:     minmay_chambers_of_sevens, layout_cave_pools,
          mainiacjoe_overflow_boulevard,
          chequers_temple_overflow_statue_of_worship, old_standard_altar,
          minmay_lair_entry_grove
Temple:   nicolae_temple_ecumenical_triangle
Lair:1:   beast_lair_carwin_large_2, layout_loops_ring, basic_altar
Lair:2:   minmay_guarded_unrand_snakebite, layout_long_grid,
          palyth_hydra_swamp_entry, nicolae_snake_entry_warm_welcome,
          lightli_volcano_entry_magma_tube, basic_altar, beast_lair_carwin_10
Volcano:  volcano_tomb [vts_chambers]

Skill      XL: |  1  2  3  4  5  6  7  8  9 10 11 12 |
---------------+-------------------------------------+-----
Maces & Flails | 3 4 5 7 8 9 |  9.4
Armour         | 4 5 6 7 8 9 |  9.3
Fighting       | 4 5 6 7 8 |  8.5
Dodging        | 1 2 3 4 5 |  5.2
Shields        | 4 6 7 8 9 |  9.7
Axes           | 2 5 7 8 |  8.6
Invocations    | 1 3 4 |  4.1
Evocations     | 2 3 |  3.1

Action                     |  1- 3 |  4- 6 |  7- 9 | 10-12 || total
---------------------------+-------+-------+-------+-------++-------
  Melee: Flail             |   117 |   130 |   271 |       ||   518
         Hand axe          |       |       |    74 |   607 ||   681
 Invoke: Heroism           |       |       |       |     4 ||     4
    Use: Scroll            |     3 |     4 |     2 |     5 ||    14
 Armour: Scale mail        |    83 |    91 |   127 |       ||   301
         Chain mail        |       |       |    93 |   404 ||   497
         Plate armour      |       |       |    10 |    35 ||    45
  Dodge: Dodged            |    59 |    64 |   123 |   226 ||   472
  Block: Buckler           |    30 |    28 |   172 |   343 ||   573
         Reflection        |       |       |    13 |    27 ||    40

Table legend: (Time is in decaauts)
 A = Elapsed time spent in this place.
 B = Non-inter-level travel time spent in this place.
 C = Inter-level travel time spent in this place.
 D = Time resting spent in this place.
 E = Time spent auto-exploring this place.
 F = Levels seen in this place.
 G = Mean time per level.
                   A        B        C        D        E       F      G
               +--------+--------+--------+--------+--------+-----+--------+
         Total |  12604 |  12384 |    220 |   1614 |   6496 |  15 |  840.3 |
       Dungeon |  10159 |   9939 |    220 |   1298 |   5737 |  10 | 1015.9 |
        Temple |     36 |     36 |      0 |      0 |      0 |   1 |   36.0 |
          Lair |   1531 |   1531 |      0 |     98 |    759 |   2 |  765.5 |
        Bailey |    410 |    410 |      0 |     52 |      0 |   1 |  410.0 |
       Volcano |    465 |    465 |      0 |    166 |      0 |   1 |  465.0 |
               +--------+--------+--------+--------+--------+-----+--------+

Top non-repeatable levels by time:
     D:9: 1567 daAuts
     D:7: 1280 daAuts
     D:6: 1221 daAuts
     D:4: 1207 daAuts
     D:3: 1099 daAuts
  Lair:1: 1066 daAuts
     D:5: 884 daAuts
     D:8: 812 daAuts
     D:2: 703 daAuts
     D:1: 702 daAuts
    D:10: 679 daAuts
 Volcano: 465 daAuts
  Lair:2: 464 daAuts
  Bailey: 410 daAuts
  Temple: 36 daAuts
